 Dungeon Crawl Stone Soup version 0.31-a0-230-g09eb5fc4d3 (webtiles) character file.

Game seed: 13815735213748103889

212 qw the Shooter (level 5, -3/30 HPs)
             Began as a Gargoyle Hexslinger on July 6, 2023.
             Was an Initiate of Okawaru.
             Slain by a river rat (5 damage)
             ... summoned by Eustachio
             ... on level 4 of the Dungeon.
             The game lasted 00:01:16 (2705 turns).

qw the Shooter (Gargoyle Hexslinger)                Turns: 2705, Time: 00:01:16

Health: -3/30      AC: 15    Str: 11      XL:     5   Next: 89%
Magic:  6/6        EV: 10    Int: 13 (14) God:    Okawaru [......]
Gold:   162        SH:  0    Dex: 11 (14) Spells: 5/6 levels left

rFire   . . .        Y - +1 sling
rCold   . . .        (no shield)
rNeg    + . .        m - +0 ring mail
rPois   inf          (no helmet)
rElec   +            (no cloak)
rCorr   .            j - +0 pair of gloves
SInv    .            h - +0 pair of boots
Will    +....        b - amulet of faith
Stlth   +            a - +4 ring of protection
HPRegen 0.25/turn    e - ring of willpower
MPRegen 0.10/turn

%: faith
@: no status effects
A: sickness immunity, AC +4, negative energy resistance 1, electricity
resistance, torment resistance 1, petrification resistance
a: Renounce Religion


You were on level 4 of the Dungeon.
You worshipped Okawaru.
Okawaru was noncommittal.
You visited 1 branch of the dungeon, and saw 4 of its levels.

You collected 162 gold pieces.


Innate Abilities, Weirdness & Mutations

You are immune to sickness and miasma.
Your stone body is resilient. (AC +4)
You are immune to poison.
You resist negative energy. (rN+)
You are resistant to electric shocks. (rElec)
You are resistant to unholy torment.
You are immune to petrification.


   Skills:
 - Level 2.0 Fighting
 + Level 4.9 Ranged Weapons
 - Level 2.7 Armour
 - Level 1.5 Dodging
 - Level 1.0 Spellcasting
 - Level 2.6 Hexes
 - Level 0.3 Invocations


You had 5 spell levels left.
You knew the following spells:

 Your Spells              Type           Power      Damage    Failure   Level
a - Slow                  Hex            28%        N/A       22%         1

Your spell library contained the following spells:

 Spells                   Type           Power      Damage    Failure   Level
 Inner Flame              Hex/Fire       4%         N/A       73%         3
 Portal Projectile        Hex/Tloc       8%         N/A       73%         3
 Cause Fear               Hex            3%         N/A       91%         4

Inventory:

Hand Weapons
 Y - a +1 sling (weapon)
Armour
 h - a +0 pair of boots (worn)
 j - a +0 pair of gloves (worn)
 m - a +0 ring mail (worn)
Jewellery
 a - a +4 ring of protection (left hand)
 b - an amulet of faith (around neck)
 e - a ring of willpower (right hand)
Scrolls
 d - a scroll of identify
 k - a scroll of noise {unknown}
Potions
 c - a potion of ambrosia {unknown}
 f - a potion of heal wounds {unknown}
 g - a potion of invisibility {unknown}
 i - 2 potions of curing {unknown}
 l - a potion of might {unknown}
 n - a potion of resistance {unknown}
 o - a potion of berserk rage {unknown}
 p - 2 potions of cancellation {unknown}

Dungeon Overview and Level Annotations

Branches:
Dungeon (4/15)             Temple (0/1) D:4

Altars:
Okawaru
Trog
Vehumet
The Shining One

Annotations:
D:4 Eustachio


Message History

Eustachio screams, "This atrocity can only be purified with blood!"
Eustachio hits you but does no damage. The bat barely misses you.
The bat hits you but does no damage. The quokka closely misses you.
You shoot a sling bullet.
The sling bullet closely misses Eustachio.
The bat closely misses you. The bat misses you. The bat closely misses you.
Eustachio screams, "This atrocity can only be purified with blood!"
Eustachio mumbles some strange words.
Eustachio blinks!
The quokka closely misses you. The bat barely misses you.
The quokka barely misses you.
You shoot a sling bullet.
The sling bullet closely misses the river rat.
The bat hits you but does no damage. x3; The river rat closely misses you.
The quokka closely misses you. The bat hits you but does no damage.
The bat barely misses you.
You shoot a sling bullet.
The sling bullet closely misses the river rat.
The bat hits you but does no damage. The bat completely misses you.
The bat barely misses you. The bat misses you. The river rat bites you.
The quokka bites you but does no damage.
The bat hits you but does no damage. The river rat barely misses you.
The quokka bites you but does no damage.
You shoot a sling bullet.
The sling bullet hits the river rat but does no damage.
The bat hits you but does no damage. The bat barely misses you.
The bat closely misses you. The quokka bites you.
The river rat barely misses you.
You shoot a sling bullet. The sling bullet hits the river rat.
The river rat is moderately wounded.
The bat misses you. The bat barely misses you.
The quokka completely misses you. The bat hits you but does no damage.
The river rat bites you but does no damage.
Eustachio gestures wildly while chanting.
Eustachio blinks!
The bat hits you but does no damage.
The quokka twitches its whiskers.
The quokka bites you but does no damage.
You shoot a sling bullet.
The sling bullet barely misses Eustachio.
The bat hits you but does no damage. x3; The river rat bites you.
You die...

.....#..(########
.....#..........##
.........######..#
.......### ##.#
........# #.#
........# #.#
........# #.##
........# #br#
##....### #@@#
.'....## ##br#
##.....# ##ยค###
...#...# ##.##
#####..# ##.##
#..## #..# ##..#
#.## #..## #.#
###.## #.#######


You could see Eustachio, a river rat (summoned), a quokka (summoned) and 2 bats.

Vanquished Creatures
  A scorpion (D:4)
  An orc priest (D:4)
  An iguana (D:4)
  3 adders
  A worm (D:2)
  A dart slug (D:3)
  8 orcs
  2 ball pythons
  4 endoplasms
  5 giant cockroaches
  8 hobgoblins
  2 quokkas
  4 bats
  2 frilled lizards (D:2)
  5 goblins
  8 kobolds
  6 rats
62 creatures vanquished.

Notes
Turn   | Place    | Note
-------+----------+-------------------------------------------
     0 | D:1      | qw the Gargoyle Hexslinger began the quest for the Orb.
     0 | D:1      | Reached XP level 1. HP: 12/12 MP: 2/2
     0 | D:1      | 0 ||| qw: Version: 0.3-a-46-gb1f654a
     0 | D:1      | 0 ||| qw: Game counter: 1732
     0 | D:1      | 0 ||| qw: Melee chars always use a shield: true
     0 | D:1      | 0 ||| qw: God list: Okawaru
     0 | D:1      | 0 ||| qw: Allow faded altars: false
     0 | D:1      | 0 ||| qw: Do Orc after clearing Dungeon:15 true
     0 | D:1      | 0 ||| qw: Do second Lair branch before Depths: true
     0 | D:1      | 0 ||| qw: Lair rune preference: random
     0 | D:1      | 0 ||| qw: Goals: Normal
     0 | D:1      | 0 ||| PLANNING D:1-11
    52 | D:1      | 52 ||| DROPPING scroll of poison.
    89 | D:2      | Reached XP level 2. HP: 15/16 MP: 3/3
   104 | D:2      | Reached skill level 3 in Ranged Weapons
   212 | D:2      | Reached XP level 3. HP: 21/21 MP: 4/4
   225 | D:2      | 225 ||| UPGRADING to amulet of faith.
   230 | D:2      | 230 ||| READING scroll labelled FOULIR ZAGAERPH.
   231 | D:2      | 231 ||| READING scroll labelled DIOF HEVUXT.
   237 | D:2      | 237 ||| STAIRDANCE
   398 | D:2      | 398 ||| STAIRDANCE
   633 | D:1      | Found a faded altar of an unknown god.
   737 | D:1      | 737 ||| UPGRADING to +0 leather armour.
   747 | D:1      | 747 ||| DROPPING +0 robe.
   748 | D:1      | 748 ||| READING scroll labelled ERYMOJ QYLA.
  1225 | D:2      | 1225 ||| UPGRADING to +0 pair of boots.
  1230 | D:2      | 1230 ||| UPGRADING to +0 pair of gloves.
  1235 | D:2      | 1235 ||| UPGRADING to +4 ring of protection.
  1236 | D:2      | 1236 ||| READING scroll labelled HETOTSOCEJ.
  1250 | D:2      | 1250 ||| READING scroll labelled SUDGHE RUVODIUH.
  1255 | D:2      | 1255 ||| READING scroll labelled SUIJUEHEDE.
  1256 | D:2      | 1256 ||| READING scroll labelled VOTEFE AMUITE.
  1282 | D:3      | Found a radiant altar of Vehumet.
  1389 | D:3      | Reached XP level 4. HP: 26/26 MP: 5/5
  1403 | D:3      | Reached skill level 4 in Ranged Weapons
  1446 | D:3      | Found a glowing golden altar of the Shining One.
  1485 | D:3      | Found an iron altar of Okawaru.
  1487 | D:3      | 1487 ||| PLANNING OKAWARU WORSHIP
  1777 | D:3      | 1777 ||| UPGRADING to +0 ring mail.
  1787 | D:3      | 1787 ||| DROPPING +0 leather armour.
  1788 | D:3      | 1788 ||| UPGRADING to ring of willpower.
  1789 | D:3      | 1789 ||| DROPPING ring of flight.
  1790 | D:3      | 1790 ||| DRINKING 2 fizzy dark potions.
  1791 | D:3      | 1791 ||| DROPPING potion of degeneration.
  1827 | D:3      | Became a worshipper of Warmaster Okawaru
  1828 | D:3      | 1828 ||| PLANNING D:1-11
  1980 | D:4      | Found a bloodstained altar of Trog.
  2015 | D:4      | Noticed a scorpion
  2027 | D:4      | Killed a scorpion
  2028 | D:4      | Reached XP level 5. HP: 25/30 MP: 6/6
  2071 | D:4      | 2071 ||| Stepping ~*~*~tactically~*~*~ (outnumbered).
  2233 | D:4      | Reached * piety under Okawaru
  2486 | D:4      | Found a staircase to the Ecumenical Temple.
  2624 | D:4      | Noticed Eustachio
  2625 | D:4      | 2625 ||| INVOKING Heroism.
  2635 | D:4      | 2635 ||| FLEEEEING.
  2636 | D:4      | 2636 ||| FLEEEEING.
  2637 | D:4      | 2637 ||| FLEEEEING.
  2638 | D:4      | 2638 ||| FLEEEEING.
  2639 | D:4      | 2639 ||| FLEEEEING.
  2640 | D:4      | 2640 ||| FLEEEEING.
  2641 | D:4      | 2641 ||| FLEEEEING.
  2642 | D:4      | 2642 ||| FLEEEEING.
  2643 | D:4      | 2643 ||| FLEEEEING.
  2644 | D:4      | 2644 ||| FLEEEEING.
  2692 | D:4      | HP: 7/30 [rat[Eustachio] (1)]
  2697 | D:4      | HP: 4/30 [rat[Eustachio] (1)]
  2702 | D:4      | HP: 4/30 [river rat[Eustachio] (2)]
  2703 | D:4      | HP: 1/30 [quokka[Eustachio] (3)]
  2705 | D:4      | Slain by a river rat

Levels and vault maps discovered:
D:1:      elethiomel_arrival_quiet, layout_rooms,
          shapermc_ecumenical_altar_mp_ritualfount
D:2:      layout_loops_cross
D:3:      layout_rooms, mainiacjoe_overflow_small_starburst,
          mainiacjoe_overflow_catwalk_spiral, eino_tiny_chamber
D:4:      layout_layer_cave, mainiacjoe_overflow_surrounded_room,
          minmay_temple_entry_poolview, nicolae_elevator_lobby_plus,
          uniq_eustachio

Skill      XL: |  1  2  3  4 |
---------------+-------------+-----
Ranged Weapons | 3 4 |  4.9
Fighting       | 2 |  2.0
Armour         | 2 |  2.7
Dodging        | |  1.5
Spellcasting   | |  1.0
Hexes          | |  2.6
Invocations    | |  0.3

Action                     |  1- 3 |  4- 6 || total
---------------------------+-------+-------++-------
   Fire: Sling             |   128 |   166 ||   294
 Invoke: Heroism           |       |     1 ||     1
    Use: Scroll            |     7 |       ||     7
         Potion            |       |     1 ||     1
 Armour: Robe              |     9 |       ||     9
         Leather armour    |     3 |     5 ||     8
         Ring mail         |       |   150 ||   150
  Dodge: Dodged            |    42 |   153 ||   195

Table legend:
 A = Non-vault XP
 B = Vault XP
 C = Vault XP percentage of total XP
 D = Non-vault monster count
 E = Vault monster count
 F = Vault count percentage of total count
                 A         B        C        D         E       F
            +---------+---------+-------+---------+---------+-------
      Total |     303 |       0 |   0.0 |      62 |       0 |   0.0
            +---------+---------+-------+---------+---------+-------
        D:1 |      21 |       0 |   0.0 |      14 |       0 |   0.0
        D:2 |      51 |       0 |   0.0 |      23 |       0 |   0.0
        D:3 |      39 |       0 |   0.0 |      12 |       0 |   0.0
        D:4 |     192 |       0 |   0.0 |      13 |       0 |   0.0
            +---------+---------+-------+---------+---------+-------
